 Dungeon Crawl Stone Soup version 0.31-a0-44-g49d609d0da (webtiles) character file.

Game seed: 7856571953364828022

434 bmack86 the Magician (level 7, 0/43 HPs)
             Began as an Octopode Transmuter on May 20, 2023.
             Was an Initiate of Vehumet.
             Slain by an orc
             ... wielding a +0 short sword
              (5 damage)
             ... on level 5 of the Dungeon.
             The game lasted 00:22:06 (3771 turns).

bmack86 the Magician (Octopode Transmuter)          Turns: 3771, Time: 00:22:07

Health: 0/43       AC:  1    Str:  9    XL:     7   Next: 0%
Magic:  14/14      EV: 13    Int: 18    God:    Vehumet [......]
Gold:   276        SH:  0    Dex: 12    Spells: 11/15 levels left

rFire   x .          .
                       - Unarmed
rCold   + . .        (no shield)
rNeg    . . .        (helmet currently unavailable)
rPois   .            (no amulet)
rElec   .            d - ring of ice
rCorr   .            (no ring)
SInv    .            (no ring)
Will    .....        (no ring)
Stlth   +++          (no ring)
HPRegen 0.27/turn    (no ring)
MPRegen 0.14/turn    (no ring)
                     (no ring)

%: no passive effects
@: appendages (expiring), marked, hasted, very quick
A: tentacle spike 3, almost no armour, amphibious, 8 rings, camouflage 1,
gelatinous body 1, (nimble swimmer 1), tentacles
a: End Transformation, Renounce Religion


You were on level 5 of the Dungeon.
You worshipped Vehumet.
Vehumet was noncommittal.
One of your tentacles had grown a beastly spike.
You visited 2 branches of the dungeon, and saw 6 of its levels.

You collected 276 gold pieces.

Inventory:

Hand Weapons
 c - a +0 short sword
 n - a +0 war axe
 o - a +1 hand axe of flaming
 t - a +1 heavy morningstar
 v - a +0 sling
 x - a +0 shortbow
Missiles
 e - 3 poisoned darts (quivered)
Armour
 h - an orb of energy
Magical Staves
 q - a staff of fire
Jewellery
 d - a ring of ice (left tentacle)
Scrolls
 b - 5 scrolls of teleportation
 f - 2 scrolls of magic mapping {unknown}
 i - a scroll of noise {unknown}
 k - 3 scrolls of blinking
 s - a scroll of amnesia {unknown}
 u - a scroll of immolation {unknown}
Potions
 a - 2 potions of lignification
 g - 4 potions of curing
 j - 3 potions of haste
 l - a potion of might
 m - a potion of mutation {unknown}
 p - a potion of flight
 r - a potion of heal wounds
 w - a potion of cancellation {unknown}


   Skills:
 - Level 1.0 Fighting
 + Level 3.2 Dodging
 + Level 1.1 Stealth
 - Level 3.0 Unarmed Combat
 + Level 4.7 Spellcasting
 * Level 4.3 Transmutations
 - Level 1.3 Invocations


You had 11 spell levels left.
You knew the following spells:

 Your Spells              Type           Power      Damage    Failure   Level
a - Beastly Appendage     Tmut           38%        N/A       2%          1
b - Spider Form           Tmut/Pois      12%        N/A       17%         3

Your spell library contained the following spells:

 Spells                   Type           Power      Damage    Failure   Level
 Wereblood                Tmut           19%        N/A       3%          2
 Necrotise                Necr           16%        1d4       14%         1
 Vampiric Draining        Necr           4%         2d6       38%         3
 Volatile Blastmotes      Fire/Tloc      8%         2d10      38%         3
 Ice Form                 Ice/Tmut       18%        N/A       50%         4
 Fulminant Prism          Conj/Hex       2%         3d5       80%         4
 Iskenderun's Mystic Bla  Conj/Tloc      4%         2d3       80%         4
 Agony                    Necr           4%         N/A       98%         5
 Lee's Rapid Deconstruct  Erth           2%         3d4*      98%         5


Dungeon Overview and Level Annotations

Branches:
Dungeon (5/15)             Temple (1/1) D:4

Altars:
Ashenzari
Cheibriados
Dithmenos
Elyvilon
Fedhas
Gozag
Hepliaklqana
Kikubaaqudgha
Makhleb
Nemelex Xobeh
Okawaru
Ru
Trog
Vehumet
Wu Jian
Xom
Yredelemnul
Zin
The Shining One

Shops:
D:4 ([(

Annotations:
D:4 3 runed translucent doors, porpoise's ghost, amateur KoHu


Innate Abilities, Weirdness & Mutations

One of your tentacles has grown a beastly spike.
You cannot wear most types of armour.
You are amphibious.
You can wear up to eight rings at the same time.
Your skin changes colour to match your surroundings (Stealth+).
Your rubbery body absorbs attacks. (AC +1, EV +1)
((You are camouflaged when in or above water. (Stealth+)))
You have tentacles for arms and can constrict up to eight enemies at once.


Message History

An orc comes into view. It is wielding a +0 short sword.
The orc wizard points at you and mumbles some strange words.
The puff of flame hits you! The fire burns you terribly!
You tentacle-slap the orc wizard but do no damage.
You pierce the orc wizard.
You kill the orc wizard!
Vehumet accepts your kill. Something hits you.
Your Stealth skill increases to level 1!
You have reached level 7!
An orc wizard comes into view. It is wielding a +0 dagger.
You feel yourself speed up.
A quokka comes into view.
Something hits you. The orc misses you.
You tentacle-slap the orc. Your grab misses the orc.
Your squeeze misses the orc.
The orc is lightly wounded.
You tentacle-slap the orc. Your grab misses the orc.
You pierce the orc.
The orc is almost dead.
The orc closely misses you.
You tentacle-slap the orc.
You kill the orc!
Vehumet accepts your kill.
Unknown command.
You feel much better. Something hits you.
You barely miss the orc wizard. Your grab misses the orc wizard.
Your squeeze misses the orc wizard.
An orc priest comes into view.
It is wielding a +0 hand axe of distortion.
Something hits you.
The orc wizard hits you with a +0 dagger.
You tentacle-slap something but do no damage.
Your tentacle spike misses something.
Your tentacle-slap misses something.
The quokka bites you.
You barely miss the orc wizard. Your grab misses the orc wizard.
You hear some strange, mumbled words.
A magic dart appears from out of thin air!
The magic dart hits you!
* * * LOW HITPOINT WARNING * * *
The orc wizard barely misses you. The orc hits you with a +0 short sword.
You die...

......#..........## ###
......#...........###.#..
......#...............#.#
.....#..........######.#
........##.............#
####..!.##.#############
#....##.# . #...r##.# #
#..{@##.. #...oo#...
#....#..o##.. #....#....
#.#. #...## . # .....
#..<.. .....##


You could see an orc priest, an orc wizard, an orc and a quokka.

Vanquished Creatures
  Sigmund (D:3)
  An orc priest (D:3)
  A sleepcap (D:5)
  An orc wizard (D:5)
  9 adders
  A white imp (D:5)
  A worm (D:2)
  5 dart slugs
  5 orcs
  2 bats
  8 endoplasms
  3 giant cockroaches
  5 goblins
  6 hobgoblins
  7 jackals
  7 quokkas
  8 ball pythons
  5 frilled lizards
  8 kobolds
  3 rats (D:2)
87 creatures vanquished.

Notes
Turn   | Place    | Note
-------+----------+-------------------------------------------
     0 | D:1      | bmack86 the Octopode Transmuter began the quest for the
                  | Orb.
     0 | D:1      | Reached XP level 1. HP: 13/13 MP: 3/3
   146 | D:1      | You fall into a shaft and drop 1 floor!
   181 | D:2      | Reached XP level 2. HP: 15/18 MP: 2/5
   279 | D:1      | Reached XP level 3. HP: 20/23 MP: 5/7
   286 | D:1      | Found a faded altar of an unknown god.
   340 | D:1      | Prayed at the altar of an unknown god.
   340 | D:1      | Became a worshipper of Elyvilon the Healer
   340 | D:1      | Reached * piety under Elyvilon
   889 | D:2      | Reached ** piety under Elyvilon
  1036 | D:2      | Reached XP level 4. HP: 18/28 MP: 8/8
  1085 | D:2      | Reached skill level 1 in Invocations
  1914 | D:3      | Noticed Sigmund
  1966 | D:3      | Reached XP level 5. HP: 24/33 MP: 10/10
  1974 | D:3      | Learned a level 3 spell: Spider Form
  2304 | D:3      | Killed Sigmund
  2305 | D:3      | Reached XP level 6. HP: 24/38 MP: 12/12
  2649 | D:4      | Reached *** piety under Elyvilon
  2797 | D:4      | Found Geffor's Antique Weapon Shop.
  2818 | D:4      | Found Pynehuce's Armour Emporium.
  2957 | D:4      | Found Tiwoevogg's Weapon Emporium.
  2987 | D:4      | Found a runed translucent gate.
  2988 | D:4      | Found a runed translucent gate.
  2989 | D:4      | Found a runed translucent gate.
  2989 | D:4      | Noticed porpoise's ghost (amateur KoHu)
  3290 | D:4      | Found a staircase to the Ecumenical Temple.
  3308 | Temple   | Entered the Ecumenical Temple
  3377 | Temple   | Fell from the grace of Elyvilon
  3377 | Temple   | Became a worshipper of Vehumet
  3511 | D:5      | Entered Level 5 of the Dungeon
  3764 | D:5      | Reached skill level 1 in Stealth
  3764 | D:5      | Reached XP level 7. HP: 17/43 MP: 14/14
  3771 | D:5      | Slain by an orc

Illustrated notes

Levels and vault maps discovered:
D:1:      dpeg_arrival_connections, layout_rooms,
          hellmonk_ecumenical_altar_dog_temple
D:2:      cheibrodos_helix_gallery, layout_basic, chequers_serial_rivers_micro_b
D:3:      layout_loops_ring, grunt_decor_arrowhead, uniq_sigmund
D:4:      nicolae_BIG_FREAKIN_CUBE, layout_rooms, minmay_temple_entry_poolview,
          serial_shops, shop, shop, nicolae_shop_scrapyard,
          ebering_ghost_rock_garden, kennysheep_generic_room_7
D:5:      layout_basic, minmay_misc_feat_columns, uniq_ijyb
Temple:   compressed_dpeg_triangle_lava_temple

Skill      XL: |  1  2  3  4  5  6 |
---------------+-------------------+-----
Spellcasting   | 3 4 |  4.7
Invocations    | 1 |  1.3
Dodging        | 3 |  3.2
Transmutations | 3 4 |  4.3
Stealth        | 1 |  1.1
Fighting       | |  1.0
Unarmed Combat | |  3.0

Action                     |  1- 3 |  4- 6 |  7- 9 || total
---------------------------+-------+-------+-------++-------
  Melee: Unarmed           |    73 |   140 |     6 ||   219
         Constrict         |    24 |    31 |       ||    55
         Tentacles         |    21 |    29 |       ||    50
         Kick              |    16 |    20 |     1 ||    37
         Punch             |     1 |     3 |       ||     4
  Throw: Dart              |       |     4 |       ||     4
   Cast: Beastly Appendage |    15 |    13 |       ||    28
    Use: Scroll            |       |     6 |       ||     6
         Potion            |       |       |     2 ||     2
   Stab: Sleeping          |     1 |     7 |       ||     8
 Armour: Skin              |     4 |     9 |       ||    13
  Dodge: Dodged            |    42 |    72 |     3 ||   117

Table legend: (Time is in decaauts)
 A = Elapsed time spent in this place.
 B = Non-inter-level travel time spent in this place.
 C = Inter-level travel time spent in this place.
 D = Time resting spent in this place.
 E = Time spent auto-exploring this place.
 F = Levels seen in this place.
 G = Mean time per level.
                   A        B        C        D        E       F      G
               +--------+--------+--------+--------+--------+-----+--------+
         Total |   3755 |   3590 |    165 |    304 |   1059 |   6 |  625.8 |
       Dungeon |   3673 |   3508 |    165 |    304 |   1059 |   5 |  734.6 |
        Temple |     82 |     82 |      0 |      0 |      0 |   1 |   82.0 |
               +--------+--------+--------+--------+--------+-----+--------+

Top non-repeatable levels by time:
     D:2: 1009 daAuts
     D:3: 953 daAuts
     D:4: 778 daAuts
     D:1: 675 daAuts
     D:5: 256 daAuts
  Temple: 82 daAuts
